3L
BROOKLYN DODGERS @ ROCKY MOUNTAIN NUGGETS
09/05/2025
 
TOP OF THE 1ST
Brooklyn Dodgers batting - Pitching for Rocky Mountain Nuggets : RHP Reynaldo Ortíz
Pitching: RHP Reynaldo Ortíz
Batting: RHB Vincent Crane 0-0: SINGLE (Groundball, 6MD)
Batting: RHB Oliver Aranda 0-0: Called Strike
0-1: Grounds into double play, 6-4-3 (Groundball, 6)
Batting: RHB Gustavo Mateo 0-0: Called Strike
0-1: Called Strike
0-2: Ball
1-2: Ball
2-2: Strikes out swinging
Top of the 1st over - 0 run(s), 1 hit(s), 0 error(s), 0 left on base; Brooklyn 0 - Rocky Mountain 0
BOTTOM OF THE 1ST
Rocky Mountain Nuggets batting - Pitching for Brooklyn Dodgers : RHP Jimmy Whittier
Pitching: RHP Jimmy Whittier
Batting: LHB Juan Ríos 0-0: Ball
1-0: Foul Ball, location: 2F
1-1: Ground out 4-3 (Groundball, 4)
Batting: RHB Iván Vega 0-0: Ball
1-0: Called Strike
1-1: Foul Ball, location: 2F
1-2: Ball
2-2: Ball
3-2: Foul Ball, location: 2F
3-2: Strikes out swinging
Batting: LHB Javier Sánchez 0-0: Ball
1-0: Called Strike
1-1: Ball
2-1: Ball
3-1: DOUBLE (Flyball, 7LM)
Batting: RHB Andrés Rodríguez 0-0: Ball
1-0: Ball
2-0: Ball
3-0: Base on Balls
Batting: LHB Randy Bowen 0-0: Ground out U3 (Groundball, 3)
Bottom of the 1st over - 0 run(s), 1 hit(s), 0 error(s), 2 left on base; Brooklyn 0 - Rocky Mountain 0
TOP OF THE 2ND
Brooklyn Dodgers batting - Pitching for Rocky Mountain Nuggets : RHP Reynaldo Ortíz
Batting: LHB Avon Barksdale 0-0: Called Strike
0-1: Foul Ball, location: 2F
0-2: Ball
1-2: Foul Ball, location: 2F
1-2: Strikes out swinging
Batting: LHB Ron Bascombe 0-0: Called Strike
0-1: Ball
1-1: Ground out 4-3 (Groundball, 4)
Batting: SHB Leonard O'Connor 0-0: Ball
1-0: Called Strike
1-1: Ball
2-1: SINGLE (Line Drive, 78S)
Batting: LHB Kelly Brown 0-0: Called Strike
0-1: Ball
1-1: Ground out 5-3 (Groundball, 56S)
Top of the 2nd over - 0 run(s), 1 hit(s), 0 error(s), 1 left on base; Brooklyn 0 - Rocky Mountain 0
BOTTOM OF THE 2ND
Rocky Mountain Nuggets batting - Pitching for Brooklyn Dodgers : RHP Jimmy Whittier
Batting: RHB Paul Smith 0-0: Ball
1-0: Called Strike
1-1: Fly out, F7 (Flyball, 7LM)
Batting: RHB Gary Chalmers 0-0: Called Strike
0-1: Ball
1-1: Fly out, F6 (Line Drive, 6)
Batting: RHB Javier Martínez 0-0: Fly out, F9 (Flyball, 9)
Bottom of the 2nd over - 0 run(s), 0 hit(s), 0 error(s), 0 left on base; Brooklyn 0 - Rocky Mountain 0
TOP OF THE 3RD
Brooklyn Dodgers batting - Pitching for Rocky Mountain Nuggets : RHP Reynaldo Ortíz
Batting: RHB Zach Lewis 0-0: Called Strike
0-1: Ball
1-1: Swinging Strike
1-2: Fly out, F8 (Flyball, 89S)
Batting: LHB Ángel Aguilar 0-0: Ball
1-0: Ball
2-0: Foul Ball, location: 2F
2-1: Called Strike
2-2: Foul Ball, location: 2F
2-2: Ground out 4-3 (Groundball, 34)
Batting: RHB Vincent Crane 0-0: Ball
1-0: Ball
2-0: Ball
3-0: Base on Balls
Batting: RHB Oliver Aranda 0-0: Called Strike
0-1: Called Strike
0-2: Strikes out swinging
Top of the 3rd over - 0 run(s), 0 hit(s), 0 error(s), 1 left on base; Brooklyn 0 - Rocky Mountain 0
BOTTOM OF THE 3RD
Rocky Mountain Nuggets batting - Pitching for Brooklyn Dodgers : RHP Jimmy Whittier
Batting: RHB Mark Melton 0-0: Called Strike
0-1: Ball
1-1: Called Strike
1-2: Strikes out swinging
Batting: LHB Juan Ríos 0-0: Ball
1-0: Ball
2-0: Called Strike
2-1: Called Strike
2-2: Strikes out swinging
Batting: RHB Iván Vega 0-0: Reached on error, E5 (Groundball, 56)
Batting: LHB Javier Sánchez 0-0: Ball
1-0: Ball
2-0: Ball
Iván Vega steals 2nd base
3-0: Base on Balls
Batting: RHB Andrés Rodríguez 0-0: Ball
1-0: Ball
2-0: Ball
3-0: Called Strike
3-1: TRIPLE (Line Drive, 9LS)
Iván Vega scores
Javier Sánchez scores
Batting: LHB Randy Bowen 0-0: Ball
1-0: Called Strike
1-1: Ball
2-1: Ball
3-1: Ground out 3-1 (Groundball, 34)
Bottom of the 3rd over - 2 run(s), 1 hit(s), 1 error(s), 1 left on base; Brooklyn 0 - Rocky Mountain 2
TOP OF THE 4TH
Brooklyn Dodgers batting - Pitching for Rocky Mountain Nuggets : RHP Reynaldo Ortíz
Batting: RHB Gustavo Mateo 0-0: Ball
1-0: Fly out, F6 (Line Drive, 56)
Batting: LHB Avon Barksdale 0-0: Called Strike
0-1: Ball
1-1: Foul Ball, location: 2F
1-2: Ball
2-2: Fly out, F9 (Flyball, 9S)
Batting: LHB Ron Bascombe 0-0: Ball
1-0: Called Strike
1-1: Foul Ball, location: 2F
1-2: Strikes out swinging
Top of the 4th over - 0 run(s), 0 hit(s), 0 error(s), 0 left on base; Brooklyn 0 - Rocky Mountain 2
BOTTOM OF THE 4TH
Rocky Mountain Nuggets batting - Pitching for Brooklyn Dodgers : RHP Jimmy Whittier
Batting: RHB Paul Smith 0-0: Ball
1-0: Fly out, F8 (Flyball, 8RM)
Batting: RHB Gary Chalmers 0-0: Ball
1-0: Foul Ball, location: 2F
1-1: Ball
2-1: Ball
3-1: SINGLE (Line Drive, 89S)
Batting: RHB Javier Martínez 0-0: Called Strike
0-1: Ball
1-1: Foul Ball, location: 2F
1-2: SINGLE (Groundball, 34D)
Gary Chalmers to second
Runner from 2nd tries for 3rd, SAFE, throw made to third
Batting: RHB Mark Melton 0-0: Foul Ball, location: 2F
0-1: Swinging Strike
0-2: Strikes out swinging
Batting: LHB Juan Ríos 0-0: Ball
1-0: Swinging Strike
1-1: Ball
2-1: Ball
3-1: Fielders Choice at 2nd, 4-6 (Groundball, 34D)
Bottom of the 4th over - 0 run(s), 2 hit(s), 0 error(s), 1 left on base; Brooklyn 0 - Rocky Mountain 2
TOP OF THE 5TH
Brooklyn Dodgers batting - Pitching for Rocky Mountain Nuggets : RHP Reynaldo Ortíz
Batting: SHB Leonard O'Connor 0-0: Ground out U3 (Groundball, 34)
Batting: LHB Kelly Brown 0-0: Ball
1-0: Ball
2-0: Foul Ball, location: 2F
2-1: Foul Ball, location: 2F
2-2: Strikes out swinging
Batting: RHB Zach Lewis 0-0: Ball
1-0: Foul Ball, location: 2F
1-1: Swinging Strike
1-2: Strikes out swinging, 2-3 out at first.
Top of the 5th over - 0 run(s), 0 hit(s), 0 error(s), 0 left on base; Brooklyn 0 - Rocky Mountain 2
BOTTOM OF THE 5TH
Rocky Mountain Nuggets batting - Pitching for Brooklyn Dodgers : RHP Jimmy Whittier
Batting: RHB Iván Vega 0-0: Ball
1-0: Ball
2-0: Ball
3-0: Base on Balls
Batting: LHB Javier Sánchez 0-0: Ball
Iván Vega steals 2nd base
1-0: Ball
2-0: Foul Ball, location: 2F
2-1: Ball
3-1: Base on Balls
Batting: RHB Andrés Rodríguez 0-0: Ball
1-0: Foul Ball, location: 2F
1-1: Foul Ball, location: 2F
1-2: Ball
2-2: Fielders Choice at 2nd, 6-4 (Groundball, 6)
Iván Vega to third
Batting: LHB Randy Bowen 0-0: Grounds into double play, 4-6-3 (Groundball, 34)
Bottom of the 5th over - 0 run(s), 0 hit(s), 0 error(s), 1 left on base; Brooklyn 0 - Rocky Mountain 2
TOP OF THE 6TH
Brooklyn Dodgers batting - Pitching for Rocky Mountain Nuggets : RHP Reynaldo Ortíz
Batting: LHB Ángel Aguilar 0-0: Called Strike
0-1: Fly out, F7 (Flyball, 78M)
Batting: RHB Vincent Crane 0-0: Ball
1-0: Called Strike
1-1: Ball
2-1: Swinging Strike
2-2: SINGLE (Line Drive, 4D)
Batting: RHB Oliver Aranda 0-0: Ball
1-0: Called Strike
1-1: Ball
2-1: Fly out, F3 (Line Drive, 34S)
Batting: RHB Gustavo Mateo 0-0: Ball
1-0: Fielders Choice at 2nd, 5-4 (Groundball, 5)
Top of the 6th over - 0 run(s), 1 hit(s), 0 error(s), 0 left on base; Brooklyn 0 - Rocky Mountain 2
BOTTOM OF THE 6TH
Rocky Mountain Nuggets batting - Pitching for Brooklyn Dodgers : RHP Jimmy Whittier
Batting: RHB Paul Smith 0-0: Ball
1-0: Called Strike
1-1: Ball
2-1: Ball
3-1: Swinging Strike
3-2: Foul Ball, location: 2F
3-2: Foul Ball, location: 2F
3-2: Base on Balls
Batting: RHB Gary Chalmers 0-0: Called Strike
0-1: Reached on error, E1 (Groundball, 15S)
Paul Smith to second
Batting: RHB Javier Martínez 0-0: Fly out, F9 (Flyball, 89S)
Batting: RHB Mark Melton 0-0: Ball
Paul Smith is caught stealing 3rd base
Gary Chalmers to second
1-0: Called Strike
1-1: Foul Ball, location: 2F
1-2: Ground out 6-3 (Groundball, 6)
Bottom of the 6th over - 0 run(s), 0 hit(s), 1 error(s), 1 left on base; Brooklyn 0 - Rocky Mountain 2
TOP OF THE 7TH
Brooklyn Dodgers batting - Pitching for Rocky Mountain Nuggets : RHP Reynaldo Ortíz
Now at C: Juan Sánchez
Batting: LHB Avon Barksdale 0-0: Called Strike
0-1: Ball
1-1: Foul Ball, location: 2F
1-2: SINGLE (Groundball, 34D)
Batting: LHB Ron Bascombe 0-0: Called Strike
0-1: Ball
1-1: Ball
2-1: Foul Ball, location: 2F
2-2: Strikes out looking
Batting: SHB Leonard O'Connor 0-0: Fielders Choice at 2nd, 3-6 (Groundball, 34)
Batting: LHB Kelly Brown 0-0: Called Strike
0-1: Swinging Strike
0-2: Foul Ball, location: 2F
0-2: Fly out, F8 (Line Drive, 89M)
Top of the 7th over - 0 run(s), 1 hit(s), 0 error(s), 1 left on base; Brooklyn 0 - Rocky Mountain 2
BOTTOM OF THE 7TH
Rocky Mountain Nuggets batting - Pitching for Brooklyn Dodgers : RHP Jimmy Whittier
Pitching: LHP Sjaak Bonne
Batting: LHB Juan Ríos 0-0: Ball
1-0: Called Strike
1-1: Ball
2-1: Fly out, F9 (Flyball, 89M)
Batting: RHB Iván Vega 0-0: Called Strike
0-1: Ball
1-1: Swinging Strike
1-2: Ball
2-2: Foul Ball, location: 2F
2-2: Foul Ball, location: 2F
2-2: Ground out 5-3 (Groundball, 5)
Batting: LHB Javier Sánchez 0-0: Foul Ball, location: 2F
0-1: Fly out, F7 (Flyball, 7S)
Bottom of the 7th over - 0 run(s), 0 hit(s), 0 error(s), 0 left on base; Brooklyn 0 - Rocky Mountain 2
TOP OF THE 8TH
Brooklyn Dodgers batting - Pitching for Rocky Mountain Nuggets : RHP Reynaldo Ortíz
Batting: RHB Zach Lewis 0-0: Called Strike
0-1: Swinging Strike
0-2: Strikes out swinging
Batting: LHB Ángel Aguilar 0-0: Ball
1-0: Ball
2-0: Called Strike
2-1: Ball
3-1: Foul Ball, location: 2F
3-2: Strikes out swinging, 2-3 out at first.
Batting: RHB Vincent Crane 0-0: Ground out 1-3 (Groundball, 15S)
Top of the 8th over - 0 run(s), 0 hit(s), 0 error(s), 0 left on base; Brooklyn 0 - Rocky Mountain 2
BOTTOM OF THE 8TH
Rocky Mountain Nuggets batting - Pitching for Brooklyn Dodgers : LHP Sjaak Bonne
Batting: RHB Andrés Rodríguez 0-0: Ball
1-0: Ball
2-0: Swinging Strike
2-1: Fly out, F9 (Line Drive, 89M)
Batting: LHB Randy Bowen 0-0: Ball
1-0: Fly out, F7 (Flyball, 7LMF)
Batting: RHB Paul Smith 0-0: Ball
1-0: Ball
2-0: Called Strike
2-1: Foul Ball, location: 2F
2-2: Ball
3-2: Base on Balls
Batting: SHB Juan Sánchez 0-0: Ball
1-0: Called Strike
1-1: Swinging Strike
1-2: Ball
2-2: Ground out 1-3 (Groundball, 15)
Bottom of the 8th over - 0 run(s), 0 hit(s), 0 error(s), 1 left on base; Brooklyn 0 - Rocky Mountain 2
TOP OF THE 9TH
Brooklyn Dodgers batting - Pitching for Rocky Mountain Nuggets : RHP Reynaldo Ortíz
Batting: RHB Oliver Aranda 0-0: Ball
1-0: Fly out, F5 (Popup, 56)
Pitching: RHP Cole Hall
Batting: RHB Gustavo Mateo 0-0: Ball
1-0: Foul Ball, location: 2F
1-1: Ball
2-1: Called Strike
2-2: Fly out, F7 (Flyball, 7LM)
Batting: LHB Avon Barksdale 0-0: Foul Ball, location: 2F
0-1: Ball
1-1: Ball
2-1: Called Strike
2-2: SOLO HOME RUN (Flyball, 8RXD), Distance : 444 ft
Batting: LHB Ron Bascombe 0-0: Called Strike
0-1: Ground out 1-3 (Groundball, 13)
Top of the 9th over - 1 run(s), 1 hit(s), 0 error(s), 0 left on base; Brooklyn 1 - Rocky Mountain 2
Friday, December 30th, 2016 - OOTP Baseball 17.12 Build 75